 Dungeon Crawl Stone Soup version 0.31-a0-204-g7da18cac08 (webtiles) character file.

Game seed: 14511823347807760972

128 qw the Skirmisher (level 4, 0/25 HPs)
             Began as a Deep Elf Hunter on June 27, 2023.
             Slain by a jackal (1 damage)
             ... on level 2 of the Dungeon.
             The game lasted 00:00:28 (749 turns).

qw the Skirmisher (Deep Elf Hunter)                  Turns: 749, Time: 00:00:29

Health: 0/25       AC:  7    Str: 10    XL:     4   Next: 87%
Magic:  6/6        EV:  9    Int: 14    God:
Gold:   88         SH:  0    Dex: 18    Spells: 3/3 levels left

rFire   . . .        Y - +0 shortbow
rCold   . . .        (shield currently unavailable)
rNeg    . . .        g - +0 scale mail
rPois   .            (no helmet)
rElec   .            (no cloak)
rCorr   .            i - +0 pair of gloves
SInv    .            (no boots)
Will    .....        (no amulet)
Stlth   +            (no ring)
HPRegen 0.24/turn    (no ring)
MPRegen 0.10/turn

%: no passive effects
@: no status effects
A: no striking features
a: no special abilities


You were on level 2 of the Dungeon.
You visited 1 branch of the dungeon, and saw 2 of its levels.

You collected 88 gold pieces.


   Skills:
 - Level 1.5 Fighting
 + Level 8.3 Ranged Weapons
 - Level 2.4 Dodging
 - Level 1.2 Stealth


You had 3 spell levels left.
You didn't know any spells.
Your spell library was empty.

Inventory:

Hand Weapons
 Y - a +0 shortbow (weapon)
Armour
 g - a +0 scale mail (worn)
 i - a +0 pair of gloves (worn)
Jewellery
 a - the ring "Xuzem" {rPois rC+ Will+ Stlth+}
   (You found it on level 2 of the Dungeon)

   [ring of protection from cold]

   rC:        It protects you from cold.
   rPois:     It protects you from poison.
   Will:      It increases your willpower.
   Stlth:     It makes you more stealthy.
Scrolls
 b - a scroll of revelation {unknown}
 f - a scroll of immolation {unknown}
Potions
 c - a potion of magic {unknown}
 d - a potion of cancellation {unknown}
 e - a potion of haste {unknown}
 h - a potion of curing {unknown}
 k - a potion of degeneration {unknown}

Dungeon Overview and Level Annotations

Branches:
Dungeon (2/15)

Altars:


Message History

A goblin comes into view. It is wielding a +0 dagger.
The jackal bites you but does no damage.
The goblin hits you with a +0 club.
You shoot an arrow. The arrow barely misses the goblin.
The jackal bites you but does no damage.
The kobold hits you but does no damage. The goblin closely misses you.
The jackal bites you but does no damage.
You shoot an arrow. The arrow hits the goblin!
You kill the goblin!
The kobold hits you with a +0 club. The jackal closely misses you.
The kobold hits you but does no damage.
You shoot an arrow. The arrow barely misses the rat.
The jackal closely misses you.
The jackal bites you but does no damage.
The rat bites you but does no damage. The kobold hits you but does no damage.
You shoot an arrow. The arrow completely misses the rat.
The jackal bites you but does no damage.
The rat bites you but does no damage. The kobold barely misses you.
The jackal bites you but does no damage.
You shoot an arrow. The arrow closely misses the rat.
The rat bites you but does no damage. The jackal barely misses you.
The kobold hits you but does no damage. The rat bites you.
The jackal bites you. The kobold completely misses you.
You shoot an arrow. The arrow hits the rat!
You kill the rat!
The jackal bites you. The kobold barely misses you.
The jackal barely misses you.
You shoot an arrow. The arrow closely misses the goblin.
The jackal barely misses you. The goblin hits you but does no damage.
The kobold hits you but does no damage.
You shoot an arrow. The arrow barely misses the goblin.
The jackal bites you. The goblin barely misses you.
A frilled lizard comes into view.
The kobold hits you but does no damage. The jackal bites you.
You shoot an arrow. The frilled lizard hisses angrily.
The arrow hits the goblin!
You kill the goblin!
The jackal bites you.
You die...

....#####........#
..........#....#.# .....
.....#######.....# .....
...#..### ##....##.....
....#...# ##.%..........
..#.###.# #..#..##.....l
#....##)###..#........$.
##.#............h)......
##.##....#..##..@K...#
......##...########...#
###.####..### #....#
#..........## #.#
##...<...##..###### #.#
.#.......###......## #.#
.........# ######..####.#
##.......#### #......##.#
##...........##......##.#


You could see a jackal, a kobold and a frilled lizard.

Vanquished Creatures
  A phantom (D:2)
  An adder (D:2)
  A dart slug (D:1)
  7 bats
  3 endoplasms (D:1)
  8 goblins
  3 hobgoblins
  A jackal (D:2)
  3 quokkas
  2 ball pythons
  A frilled lizard (D:1)
  3 kobolds (D:2)
  5 rats
39 creatures vanquished.

Notes
Turn   | Place    | Note
-------+----------+-------------------------------------------
     0 | D:1      | qw the Deep Elf Hunter began the quest for the Orb.
     0 | D:1      | Reached XP level 1. HP: 12/12 MP: 3/3
     0 | D:1      | 0 ||| qw: Version: 0.3-a-22-g0ed2b0b
     0 | D:1      | 0 ||| qw: Game counter: 6387
     0 | D:1      | 0 ||| qw: Melee chars always use a shield: true
     0 | D:1      | 0 ||| qw: God list: Okawaru
     0 | D:1      | 0 ||| qw: Allow faded altars: false
     0 | D:1      | 0 ||| qw: Do Orc after clearing Dungeon:15 true
     0 | D:1      | 0 ||| qw: Do second Lair branch before Depths: true
     0 | D:1      | 0 ||| qw: Lair rune preference: random
     0 | D:1      | 0 ||| qw: Goals: Normal
     0 | D:1      | 0 ||| PLANNING D:1-11
    62 | D:1      | Reached skill level 6 in Ranged Weapons
    62 | D:1      | Reached XP level 2. HP: 16/16 MP: 4/4
   406 | D:1      | 406 ||| UPGRADING to +0 scale mail.
   416 | D:1      | 416 ||| DROPPING +0 leather armour.
   417 | D:1      | 417 ||| UPGRADING to +0 pair of gloves.
   422 | D:1      | 422 ||| READING scroll labelled ZEACYA NUOKHIO.
   423 | D:1      | 423 ||| READING scroll labelled WOAXTU WOOXYRR.
   424 | D:1      | 424 ||| DROPPING scroll of butterflies.
   443 | D:2      | Identified the ring "Xuzem" {rPois rC+ Will+ Stlth+}
   453 | D:2      | Reached XP level 3. HP: 20/20 MP: 5/5
   570 | D:2      | Noticed a phantom
   578 | D:2      | Killed a phantom
   579 | D:2      | Reached skill level 8 in Ranged Weapons
   579 | D:2      | Reached XP level 4. HP: 25/25 MP: 6/6
   745 | D:2      | HP: 6/25 [rat (2)]
   748 | D:2      | HP: 1/25 [jackal (2)]
   749 | D:2      | Slain by a jackal

Levels and vault maps discovered:
D:1:      sevenhm_arrival_forest_fort_small_3, layout_rooms, st_stairs_12
D:2:      cheibrodos_helix_gallery, layout_rooms

Skill      XL: |  1  2  3 |
---------------+----------+-----
Ranged Weapons | 6 8 |  8.3
Fighting       | |  1.5
Dodging        | |  2.4
Stealth        | |  1.2

Action                     |  1- 3 |  4- 6 || total
---------------------------+-------+-------++-------
   Fire: Shortbow          |    83 |    39 ||   122
    Use: Scroll            |     2 |       ||     2
 Armour: Leather armour    |     3 |       ||     3
         Scale mail        |     4 |    29 ||    33
  Dodge: Dodged            |    18 |    23 ||    41

Table legend:
 A = Non-vault XP
 B = Vault XP
 C = Vault XP percentage of total XP
 D = Non-vault monster count
 E = Vault monster count
 F = Vault count percentage of total count
                 A         B        C        D         E       F
            +---------+---------+-------+---------+---------+-------
      Total |     179 |       6 |   3.2 |      36 |       3 |   7.7
            +---------+---------+-------+---------+---------+-------
        D:1 |      36 |       4 |  10.0 |      20 |       1 |   4.8
        D:2 |     143 |       2 |   1.4 |      16 |       2 |  11.1
            +---------+---------+-------+---------+---------+-------
